 Dungeon Crawl Stone Soup version 0.25-a0-545-ge4db218afc (webtiles) character file.

Game seed: 511741956362917929, levelgen mode: deterministic

23888 Emblim88 the Blocker (level 12, -19/108 HPs)
             Began as a Minotaur Fighter on Feb 21, 2020.
             Was an Initiate of Gozag.
             Demolished by Rupert
             ... wielding a +4 battleaxe of draining
              (23 damage)
             ... on level 12 of the Dungeon.
             The game lasted 00:34:23 (15290 turns).

Emblim88 the Blocker (Minotaur Fighter)            Turns: 15290, Time: 00:34:23

Health: -19/108    AC: 21    Str: 31    XL:     12   Next: 75%
Magic:  18/18      EV:  9    Int:  8    God:    Gozag
Gold:   2664       SH: 12    Dex: 11    Spells: 11/11 levels left

rFire    + + .     SeeInvis .   A - +0 mace (venom)
rCold    + . .     Gourm    .   c - +0 kite shield
rNeg     . . .     Faith    .   e - +0 plate armour
rPois    +         Spirit   .   H - +2 hat
rElec    +         Reflect  .   z - +0 cloak {+Inv}
rCorr    .         Harm     .   K - +0 pair of gloves of Responsibility {-Cast rF++}
MR       .....     NoCast   +   C - +2 pair of boots
Stlth    ..........             a - amulet of rage
HPRegen  0.28/turn              M - ring of Xom's Sleight of Hands {rElec rPois rC+ Int+3}
MPRegen  0.16/turn              J - +6 ring of strength

@: very slightly contaminated, hasted, heavily drained, very quick
A: retaliatory headbutt, horns 2
a: Potion Petition, Call Merchant, Bribe Branch, Renounce Religion, Evoke
Berserk Rage, Evoke Invisibility


You were on level 12 of the Dungeon.
You worshipped Gozag.
Gozag was most pleased with you.
You were not hungry.

You visited 2 branches of the dungeon, and saw 13 of its levels.
You also visited: Ossuary and Ice Cave.

You collected 3923 gold pieces.
You spent 1235 gold pieces at shops.
You paid 24 gold pieces to Gozag.

Inventory:

Hand Weapons
 A - a +0 mace of venom (weapon)
 L - a +0 great mace
Missiles
 r - 8 silver javelins (quivered)
 t - 350 stones
 w - 5 javelins
Armour
 c - a +0 kite shield (worn)
 e - a +0 plate armour (worn)
 k - a +1 cloak
 z - a +0 cloak of invisibility (worn)
 C - a +2 pair of boots (worn)
 E - a +1 cloak of cold resistance
 H - a +2 hat (worn)
 K - the +0 pair of gloves of Responsibility (worn) {-Cast rF++}
   (You bought it in a shop on level 8 of the Dungeon)

   It greatly protects you from fire.
   It prevents spellcasting.
   If you remove this armour, your AC will decrease by 1 (21 -> 20).
Jewellery
 a - an amulet of rage (around neck)
 o - the ring "Nepeblumo" {+Inv rPois}
   (You bought it in a shop on level 6 of the Dungeon)

   [ring of poison resistance]

   It protects you from poison.
   It lets you turn invisible.
 J - a +6 ring of strength (right hand)
 M - the ring of Xom's Sleight of Hands (left hand) {rElec rPois rC+ Int+3}
   (You bought it in a shop on level 12 of the Dungeon)

   [ring of poison resistance]

   It affects your intelligence (+3).
   It protects you from cold.
   It insulates you from electricity.
   It protects you from poison.
Wands
 d - a wand of flame (93)
 i - a wand of enslavement (29)
 y - a wand of polymorph (10)
Scrolls
 b - 3 scrolls of fog
 g - 2 scrolls of fear
 j - a scroll of amnesia
 n - 2 scrolls of enchant armour
 q - 4 scrolls of remove curse
 s - a scroll of noise
 u - 3 scrolls of immolation
 x - 3 scrolls of identify
 F - 3 scrolls of teleportation
 G - a scroll of enchant weapon
 I - a scroll of magic mapping
 N - a scroll of vulnerability {unknown}
Potions
 h - a potion of brilliance
 l - 2 potions of mutation {unknown}
 m - 3 potions of magic {unknown}
 p - a potion of lignification {unknown}
 v - 7 potions of curing {unknown}
 D - 2 potions of flight {unknown}
Comestibles
 f - 9 rations


   Skills:
 + Level 10.6(8.1) Fighting
 + Level 10.2(7.7) Maces & Flails
 - Level 4.2(2.1) Throwing
 + Level 10.6(8.0) Armour
 + Level 9.2(6.7) Dodging
 + Level 10.6(8.1) Shields
 * Level 9.5(7.0) Evocations


You had 11 spell levels left.
You didn't know any spells.
Your spell library contained the following spells:

 Spells                   Type           Power        Failure   Level  Hunger
 Animate Skeleton         Necr           N/A          100%        1    ##.....
 Magic Dart               Conj           #...         100%        1    ##.....
 Pain                     Necr           #...         100%        1    ##.....
 Sting                    Tmut/Pois      #...         100%        1    ##.....
 Blink                    Tloc           N/A          100%        2    ###....
 Call Imp                 Summ           #.......     100%        2    ###....
 Poisonous Vapours        Pois/Air       #.....       100%        2    ###....
 Shroud of Golubria       Chrm/Tloc      #.....       100%        2    ###....
 Slow                     Hex            #.......     100%        2    ###....
 Conjure Flame            Conj/Fire      #.......     100%        3    ####...
 Gell's Gravitas          Tloc           #.........   100%        3    ####...
 Ignite Poison            Fire/Tmut/Pois #.......     100%        3    ####...
 Lesser Beckoning         Tloc           #.........   100%        3    ####...
 Mephitic Cloud           Conj/Pois/Air  #.......     100%        3    ####...
 Teleport Other           Tloc           #.......     100%        3    ####...
 Vampiric Draining        Necr           #.........   100%        3    ####...
 Animate Dead             Necr           N/A          100%        4    #####..
 Olgreb's Toxic Radiance  Pois           #.......     100%        4    #####..
 Passage of Golubria      Tloc           N/A          100%        4    #####..
 Agony                    Necr           #.......     100%        5    ######.
 Bolt of Magma            Conj/Fire/Erth #.........   100%        5    ######.
 Iskenderun's Battlesphe  Conj/Chrm      #.......     100%        5    ######.
 Iron Shot                Conj/Erth      #.........   100%        6    #######
 Orb of Destruction       Conj           #.........   100%        7    #######
 Spellforged Servitor     Conj/Summ      #.........   100%        7    #######


Dungeon Overview and Level Annotations

Branches:
Dungeon (12/15)            Temple (1/1) D:4            Lair (0/6) D:9
    Orc (0/2) D:11        Ossuary (visited)           IceCv (visited)

Altars:
Ashenzari
Cheibriados
Dithmenos
Elyvilon
Fedhas
Gozag
Hepliaklqana
Kikubaaqudgha
Makhleb
Nemelex Xobeh
Okawaru
Qazlal
Ru
Sif Muna
Trog
Uskayaw
Vehumet
Wu Jian
Xom
Yredelemnul
Zin
The Shining One

Shops:
D:6 =   D:8 [   D:12 =

Annotations:
D:12 Rupert


Innate Abilities, Weirdness & Mutations

You reflexively headbutt those who attack you in melee.
You have a pair of horns on your head.


Message History

You are too injured to fight recklessly!
You are too injured to fight recklessly!
You are too injured to fight recklessly!
You are too injured to fight recklessly!
You are too injured to fight recklessly!
You are too injured to fight recklessly!
Rupert closely misses you. You block Rupert's attack.
Rupert rages.
You block Rupert's attack.
There is an open door here.
Rupert hits you with a +4 battleaxe of draining!!
* * * LOW HITPOINT WARNING * * *
You feel drained.
* * * LOW HITPOINT WARNING * * *
You block Rupert's attack.
You feel yourself speed up.
Rupert hits you with a +4 battleaxe of draining!!
You die...
Your body crumbles into a pile of gold.

.........# ######## #########
.........# #......# ###........
.........#
###......###...###.###
.........# #<'..@@..'...#...#.#
.........###.#......#####.#.#.#
.........##..#......# #.#.#.#
.........##.##......# #.# ###
.........#..##......# #.#
.........#.######'### #.#
.........'....# #.# #.#
.........####.# #.# ####+#####
#


You could see Rupert (berserk).

Vanquished Creatures
  A frost giant (IceCv)
  Nessos (D:12)
  A hydra (D:7)
  An ice dragon (D:11)
  2 two-headed ogres
  An unseen horror (D:11)
  A cyclops (D:11)
  An ugly thing (D:7)
  An ice statue (IceCv)
  Psyche (D:11)
  A rime drake (D:11)
  A kobold demonologist (D:7)
  4 trolls
  16 polar bears
  Grinder (D:6)
  A hippogriff (D:9)
  Sigmund (D:3)
  A wyvern (D:11)
  15 yaks
  3 basilisks
  A hungry ghost (D:11)
  A warg (D:11)
  3 porcupines (D:9)
  2 water moccasins
  3 sky beasts
  8 orc warriors
  A phantom (D:11)
  A black bear (D:8)
  7 ogres
  7 centaurs
  An eye of draining (D:7)
  6 necrophages
  14 wolves
  2 crocodiles
  Blork the orc (D:6)
  7 bullfrogs
  A wyvern zombie (D:7)
  2 gnoll sergeants
  4 scorpions
  14 killer bees
  8 wights
  2 howler monkeys (D:6)
  7 crimson imps
  3 bullfrog zombies
  3 quasits
  A centaur zombie (D:8)
  9 hounds
  Crazy Yiuf (D:6)
  4 jellies
  A gnoll shaman (D:4)
  5 orc priests
  9 orc wizards
  A centaur skeleton (D:5)
  3 iguanas
  Ijyb (D:5)
  13 worker ants
  2 big kobold zombies (Ossuary)
  3 hound skeletons
  A howler monkey zombie (D:8)
  A mummy (Ossuary)
  A worker ant zombie (D:9)
  13 gnolls
  14 adders
  A shadow imp (D:8)
  An ooze (D:1)
  2 adder zombies
  4 worms
  3 dart slugs
  5 leopard geckos
  52 orcs
  3 spectral bats (Ossuary)
  2 bats (D:1)
  5 bat simulacra (Ossuary)
  5 giant cockroaches
  10 gnoll zombies (Ossuary)
  10 goblins
  10 hobgoblins
  20 jackals
  9 kobolds
  3 quokkas
  A ball python (D:3)
  2 ball python skeletons
  12 frilled lizards
  3 goblin simulacra (Ossuary)
  8 goblin zombies (Ossuary)
  A hobgoblin zombie (Ossuary)
  3 kobold simulacra (Ossuary)
  4 kobold zombies (Ossuary)
  A leopard gecko zombie (D:6)
  5 orc zombies (Ossuary)
  A quokka skeleton (D:6)
  A quokka zombie (D:5)
  12 rats
  A rat simulacrum (Ossuary)
  2 spectral goblins (Ossuary)
  A spectral kobold (Ossuary)
  3 spectral rats (Ossuary)
453 creatures vanquished.

Vanquished Creatures (others)
  A phantom (D:8)
  An iguana (D:8)
  A quokka zombie (D:8)
  A bush (D:9)
  A fungus (D:9)
  11 plants (D:9)
16 creatures vanquished.

Grand Total: 469 creatures vanquished

Notes
Turn   | Place    | Note
-------+----------+-------------------------------------------
     0 | D:1      | Emblim88 the Minotaur Fighter began the quest for the Orb.
     0 | D:1      | Reached XP level 1. HP: 19/19 MP: 0/0
   123 | D:1      | Reached XP level 2. HP: 25/27 MP: 1/1
   312 | D:1      | Reached skill level 1 in Dodging
   476 | D:1      | Reached XP level 3. HP: 33/33 MP: 2/2
   981 | D:2      | Found a white marble altar of Elyvilon.
  1202 | D:2      | Reached XP level 4. HP: 37/40 MP: 3/3
  1802 | D:3      | Reached XP level 5. HP: 5/47 MP: 4/4
  2180 | D:3      | Noticed Sigmund
  2192 | D:3      | Killed Sigmund
  2192 | D:3      | Reached skill level 1 in Throwing
  2192 | D:3      | Reached XP level 6. HP: 46/55 MP: 5/5
  2375 | D:3      | Reached skill level 5 in Shields
  2926 | D:4      | Reached skill level 5 in Fighting
  2960 | D:4      | Reached skill level 5 in Armour
  2988 | D:4      | Found a staircase to the Ecumenical Temple.
  3001 | Temple   | Entered the Ecumenical Temple
  3246 | Temple   | Became a worshipper of Gozag Ym Sagoz the Greedy
  3354 | D:4      | Reached XP level 7. HP: 52/61 MP: 6/6
  4261 | D:4      | Reached skill level 5 in Maces & Flails
  4415 | D:5      | Entered Level 5 of the Dungeon
  4470 | D:5      | Reached skill level 1 in Evocations
  4490 | D:5      | Reached XP level 8. HP: 70/70 MP: 7/7
  4862 | D:5      | Noticed Ijyb
  4873 | D:5      | Killed Ijyb
  4976 | D:6      | Noticed Blork the orc
  4976 | D:6      | Noticed Grinder
  4979 | D:6      | Paralysed by Grinder for 3 turns
  5164 | D:6      | Killed Blork the orc
  5330 | D:6      | Found Neic's Jewellery Emporium.
  5334 | D:6      | Bought the ring "Nepeblumo" {+Inv rPois} for 374 gold
                  | pieces
  5570 | D:6      | Killed Grinder
  5570 | D:6      | Reached XP level 9. HP: 49/78 MP: 8/10
  5849 | D:6      | Reached skill level 5 in Dodging
  5911 | D:6      | Found a bloodstained altar of Trog.
  6109 | D:6      | Found a runed translucent door.
  6110 | D:6      | Noticed Crazy Yiuf
  6127 | D:6      | Killed Crazy Yiuf
  7209 | D:8      | Found a sand-covered staircase.
  7218 | Ossuary  | Entered an ossuary
  7959 | D:8      | Noticed a two-headed ogre
  7980 | D:8      | Killed a two-headed ogre
  7980 | D:8      | Reached skill level 5 in Evocations
  7980 | D:8      | Reached XP level 10. HP: 88/88 MP: 12/12
  8666 | D:8      | Found Tomett Diwekh's Antique Armour Shoppe.
  8669 | D:8      | Bought a pair of dazzling gloves for 247 gold pieces
  8679 | D:8      | Identified the +0 pair of gloves of Responsibility {-Cast
                  | rF++} (You bought it in a shop on level 8 of the Dungeon)
  8967 | D:7      | Noticed a brown ugly thing
  9328 | D:7      | Killed a brown ugly thing
  9358 | D:7      | Noticed a six-headed hydra
  9370 | D:7      | Killed a six-headed hydra
 10135 | D:9      | Reached XP level 11. HP: 82/95 MP: 14/14
 10350 | D:9      | Found a staircase to the Lair.
 10716 | D:9      | Found a blossoming altar of Fedhas.
 11088 | D:10     | Entered Level 10 of the Dungeon
 12254 | D:11     | Found a staircase to the Orcish Mines.
 12256 | D:11     | Killed an unseen horror
 12507 | D:11     | Noticed Psyche
 12521 | D:11     | Killed Psyche
 12720 | D:11     | Found a frozen archway.
 12721 | D:11     | Noticed an ice dragon
 12750 | D:11     | Killed an ice dragon
 12778 | IceCv    | Entered an ice cave
 12908 | IceCv    | Reached XP level 12. HP: 104/104 MP: 17/17
 13480 | IceCv    | Reached skill level 10 in Fighting
 13480 | IceCv    | Reached skill level 10 in Shields
 13597 | IceCv    | Reached skill level 10 in Armour
 13840 | IceCv    | Noticed a frost giant
 13873 | IceCv    | Killed a frost giant
 14172 | IceCv    | Reached skill level 10 in Maces & Flails
 14745 | D:11     | Found a glowing silver altar of Zin.
 14885 | D:12     | Noticed a two-headed ogre
 14893 | D:12     | Killed a two-headed ogre
 14974 | D:12     | Found Okeinump's Jewellery Boutique.
 15082 | D:12     | Bought the ring of Xom's Sleight of Hands {rElec rPois rC+
                  | Int+3} for 614 gold pieces
 15135 | D:12     | Noticed Nessos
 15157 | D:12     | Killed Nessos
 15268 | D:12     | Noticed Rupert
 15286 | D:12     | HP: 3/108 [Rupert/+4 battleaxe of draining (5)]
 15290 | D:12     | Demolished by Rupert

Levels and vault maps discovered:
D:1:      dpeg_arrival_ratfight, layout_basic
D:2:      layout_loops_ring, minmay_misc_feat_chi, elyvilon_altar_5
D:3:      minmay_evil_eye, layout_basic, serial_forest,
          infiniplex_forest_lined_room_2, infiniplex_forest_clump_double,
          infiniplex_forest_clump_C, infiniplex_forest_clump_small,
          infiniplex_forest_lined_3, infiniplex_forest_lined_4_way, uniq_sigmund
D:4:      layout_gridville, minmay_temple_entry_arrows
D:5:      layout_cave_pools, first_ration, uniq_ijyb
D:6:      layout_basic, serial_shops, shop_statue, kennysheep_flooded_box,
          uniq_crazy_yiuf_cottage, uniq_grinder, uniq_blork_the_orc
D:7:      minmay_klotski, layout_basic, grunt_ogre_cave, nrook_uturn
D:8:      layout_layer_cave, serial_shops, kennysheep_mini,
          nicolae_ossuary_entry_ruins, lemuel_flame_loot_1
D:9:      layout_roguey, fedhas_altar_decomposition, minmay_lair_entry_grove
D:10:     layout_stronghold, wad_dig_loot
D:11:     layout_long_grid, david_orc_3,
          portal_ice_cave_entry_animals_and_master, basic_altar, uniq_psyche
D:12:     layout_roguey, serial_shops, shop, minmay_increasing_density,
          uniq_frances, uniq_josephine, uniq_rupert, uniq_nessos
Temple:   nicolae_temple_the_god_donut

Skill      XL: |  1  2  3  4  5  6  7  8  9 10 11 12 |
---------------+-------------------------------------+-----
Dodging        | 1 2 3 4 6 7 8 9 |  9.2
Fighting       | 4 5 6 7 8 9 10 | 10.6
Shields        | 4 5 6 7 8 9 10 | 10.6
Armour         | 4 5 6 7 8 9 10 | 10.6
Maces & Flails | 3 4 5 6 7 8 9 10 | 10.2
Throwing       | 1 2 3 4 |  4.2
Evocations     | 1 2 5 6 8 9 |  9.5

Action                   |  1- 3 |  4- 6 |  7- 9 | 10-12 || total
-------------------------+-------+-------+-------+-------++-------
Melee: Flail             |   107 |   166 |   306 |       ||   579
       Headbutt          |    13 |    31 |   112 |   203 ||   359
       Unarmed           |       |       |     5 |       ||     5
       Mace              |       |       |   278 |   783 ||  1061
Throw: Javelin           |       |       |     2 |    19 ||    21
Invok: Potion Petition   |       |       |       |     1 ||     1
 Abil: Evoke Invisibilit |       |       |       |     6 ||     6
       Evoke Berserk Rag |       |       |       |     4 ||     4
Evoke: Wand              |       |       |     1 |    10 ||    11
  Use: Potion            |       |     1 |     2 |     6 ||     9
       Scroll            |       |     9 |     3 |     5 ||    17
 Stab: Distracted        |       |       |     3 |     1 ||     4
       Invisible         |       |       |       |     8 ||     8
       Sleeping          |       |       |       |    12 ||    12
  Eat: Chunk             |     1 |     7 |       |       ||     8
       Ration            |       |       |     5 |     9 ||    14
Armor: Scale mail        |    41 |    43 |       |       ||    84
       Chain mail        |       |    20 |    18 |       ||    38
       Plate armour      |       |       |   273 |   460 ||   733
Dodge: Dodged            |    36 |    42 |   137 |   377 ||   592
Block: Kite shield       |    44 |    75 |   304 |   590 ||  1013

Table legend:
 A = Non-vault XP
 B = Vault XP
 C = Vault XP percentage of total XP
 D = Non-vault monster count
 E = Vault monster count
 F = Vault count percentage of total count
                 A         B        C        D         E       F
            +---------+---------+-------+---------+---------+-------
      Total |   12772 |   21355 |  62.6 |     298 |     155 |  34.2
            +---------+---------+-------+---------+---------+-------
        D:1 |      46 |       5 |   9.8 |      26 |       5 |  16.1
        D:2 |      57 |       0 |   0.0 |      16 |       0 |   0.0
        D:3 |     232 |     233 |  50.1 |      34 |       4 |  10.5
        D:4 |     749 |       0 |   0.0 |      30 |       0 |   0.0
        D:5 |     477 |      33 |   6.5 |      17 |       1 |   5.6
        D:6 |     974 |     426 |  30.4 |      45 |       3 |   6.2
        D:7 |     728 |    2820 |  79.5 |      17 |      13 |  43.3
        D:8 |    2705 |     363 |  11.8 |      32 |       3 |   8.6
        D:9 |    1502 |    2577 |  63.2 |      31 |      18 |  36.7
       D:10 |     520 |     419 |  44.6 |      10 |       2 |  16.7
       D:11 |    2907 |    3607 |  55.4 |      20 |      17 |  45.9
       D:12 |    1875 |    1325 |  41.4 |      20 |       1 |   4.8
    Ossuary |       0 |     135 | 100.0 |       0 |      52 | 100.0
      IceCv |       0 |    9412 | 100.0 |       0 |      36 | 100.0
            +---------+---------+-------+---------+---------+-------
